 Dungeon Crawl Stone Soup version 0.20.1-1-g8b1a95d (webtiles) character file.

60 Monsterracer the Bolt Thrower (level 4, 0/27 HPs)
             Began as a Kobold Hunter on Aug 13, 2017.
             Was an Initiate of Dithmenos.
             Slain by Grinder (7 damage)
             ... while paralysed by Grinder
             ... on level 3 of the Dungeon.
             The game lasted 00:03:34 (1797 turns).

Monsterracer the Bolt Thrower (Kobold Hunter)       Turns: 1797, Time: 00:03:35

Health: 0/27       AC:  4    Str: 14    XL:     4   Next: 24%
Magic:  4/4        EV:  3    Int: 12    God:    Dithmenos [......]
Gold:   118        SH:  0    Dex: 16    Spells: 3/3 levels left

rFire    . . .     SeeInvis .   b - +2 rapier (venom)
rCold    . . .     Gourm    .   (shield restricted)
rNeg     . . .     Faith    .   c - +1 leather armour
rPois    .         Spirit   .   (no helmet)
rElec    .         Reflect  .   (no cloak)
rCorr    .         Harm     .   (no gloves)
MR       .....                  (no boots)
Stlth    ++........             (no amulet)
Regen    0.1/turn               (no ring)
MPRegen  0.1/turn               (no ring)

@: paralysed, mighty
A: carnivore 3
a: Renounce Religion


You were on level 3 of the Dungeon.
You worshipped Dithmenos.
Dithmenos was noncommittal.
You were completely stuffed.

You visited 1 branch of the dungeon, and saw 3 of its levels.

You collected 118 gold pieces.

Inventory:

Hand Weapons
 a - a +1 hand crossbow
 b - a +2 rapier of venom (weapon)
Missiles
 d - 15 bolts
Armour
 c - a +1 leather armour (worn)
 j - a +0 buckler
Scrolls
 g - a scroll of teleportation
Potions
 e - a potion of haste
 h - a potion of might
 i - 2 potions of curing
 l - a potion of brilliance
Comestibles
 f - 2 meat rations
 k - a royal jelly


   Skills:
 + Level 2.8 Fighting
 * Level 2.1 Short Blades
 * Level 5.2 Crossbows
 + Level 2.9 Dodging
 * Level 2.6 Stealth


You had 3 spell levels left.
You didn't know any spells.

Dungeon Overview and Level Annotations

Branches:
Dungeon (3/15)

Altars:
Dithmenos
Nemelex Xobeh
Okawaru
Ru
Vehumet
Yredelemnul
Zin

Annotations:
D:3 Grinder


Innate Abilities, Weirdness & Mutations

You are small and have problems with some larger weapons.
You are carnivorous and can eat meat at any time.


Message History

You feel very mighty all of a sudden. Grinder closely misses you.
You hit Grinder.
Grinder is heavily wounded.
Grinder hits you.
* * * LOW HITPOINT WARNING * * *
Huge Dmg: -19%(-5hp) hp: 15%(4hp)
You feel better.
Grinder says, "You look like you could use a good racking."
Grinder hits you.
* * * LOW HITPOINT WARNING * * *
You puncture Grinder!
Grinder is severely wounded.
Grinder gestures at you.
You suddenly lose the ability to move!
Grinder hits you but does no damage. Grinder gestures at you.
You resist with significant effort. Grinder hits you!
You die...

##################
.................#
################.#
..## #.# ...#####
#.# .......# #@#
...###.# #5#
.<...#.# #.#
.......# #(#
....##.# #(#
.......# #.#
######## #.# #.#


You could see Grinder.

Vanquished Creatures
  2 adders (D:2)
  2 dart slugs (D:1)
  A leopard gecko (D:2)
  10 bats
  A giant cockroach (D:1)
  5 goblins
  3 hobgoblins
  A quokka (D:3)
  3 frilled lizards
  4 kobolds
  3 rats
35 creatures vanquished.

Notes
Turn   | Place    | Note
-------+----------+-------------------------------------------
     0 | D:1      | Monsterracer the Kobold Hunter began the quest for the Orb.
     0 | D:1      | Reached XP level 1. HP: 12/12 MP: 1/1
   128 | D:1      | Reached skill level 1 in Short Blades
   172 | D:1      | Reached XP level 2. HP: 17/18 MP: 2/2
   219 | D:1      | Reached skill level 5 in Crossbows
   897 | D:1      | Reached XP level 3. HP: 20/22 MP: 3/3
  1132 | D:2      | Found a sacrificial altar of Ru.
  1480 | D:2      | Found a radiant altar of Vehumet.
  1482 | D:2      | Found a shadowy altar of Dithmenos.
  1484 | D:2      | Found a sparkling altar of Nemelex Xobeh.
  1484 | D:2      | Found an iron altar of Okawaru.
  1485 | D:2      | Found a glowing silver altar of Zin.
  1485 | D:2      | Found a basalt altar of Yredelemnul.
  1499 | D:2      | Became a worshipper of Dithmenos the Shadowed
  1578 | D:2      | Reached XP level 4. HP: 26/27 MP: 4/4
  1782 | D:3      | Noticed Grinder
  1788 | D:3      | HP: 13/27 [Grinder (1)]
  1792 | D:3      | HP: 4/27 [Grinder (5)]
  1794 | D:3      | Paralysed by Grinder for 6 turns
  1797 | D:3      | Slain by Grinder

Skill      XL: |  1  2  3 |
---------------+----------+-----
Short Blades   | 1 2 |  2.1
Crossbows      | 5 |  5.2
Stealth        | 2 |  2.6
Fighting       | |  2.8
Dodging        | |  2.9

Action                   |  1- 3 |  4- 6 || total
-------------------------+-------+-------++-------
Melee: Short sword       |   105 |       ||   105
       Rapier            |    22 |     8 ||    30
 Fire: Hand crossbow     |     3 |     5 ||     8
  Use: Scroll            |    12 |       ||    12
       Potion            |       |     2 ||     2
 Stab: Sleeping          |     1 |     2 ||     3
  Eat: Chunk             |    11 |       ||    11
Armor: Leather armour    |    29 |     1 ||    30
Dodge: Dodged            |   110 |     5 ||   115
